 Dungeon Crawl Stone Soup version 0.25-a0-513-ge77a69270c (webtiles) character file.

Game seed: 3232085934884009233, levelgen mode: deterministic

324 mopl the Skirmisher (level 6, -10/65 HPs)
             Began as an Ogre Gladiator on Feb 16, 2020.
             Mangled by a troll (11 damage)
             ... on level 4 of the Dungeon.
             The game lasted 00:04:46 (4144 turns).

mopl the Skirmisher (Ogre Gladiator)                Turns: 4144, Time: 00:04:47

Health: -10/65     AC:  3    Str: 19    XL:     6   Next: 48%
Magic:  6/6        EV: 10    Int:  9    God:
Gold:   176        SH:  0    Dex: 12    Spells: 5/5 levels left

rFire    . . .     SeeInvis .   a - +0 flail
rCold    . . .     Gourm    .   (no shield)
rNeg     . . .     Faith    .   b - +0 robe
rPois    .         Spirit   .   c - +0 hat
rElec    .         Reflect  .   (no cloak)
rCorr    .         Harm     .   (gloves unavailable)
MR       .....                  (boots unavailable)
Stlth    +.........             (no amulet)
HPRegen  0.20/turn              (no ring)
MPRegen  0.10/turn              (no ring)

@: no status effects
A: large, unfitting armour, tough skin 1
a: no special abilities


You were on level 4 of the Dungeon.
You were near starving.

You visited 1 branch of the dungeon, and saw 4 of its levels.

You collected 176 gold pieces.

Inventory:

Hand Weapons
 a - a +0 flail (weapon)
Missiles
 d - 2 throwing nets
 q - 9 poisoned darts (quivered)
Armour
 b - a +0 robe (worn)
 c - a +0 hat (worn)
Jewellery
 r - an uncursed ring of ice
Scrolls
 e - 3 scrolls of identify {unknown}
 g - 2 scrolls of remove curse {unknown}
 h - a scroll of teleportation {unknown}
 l - 3 scrolls of enchant weapon {unknown}
 m - 2 scrolls of noise {unknown}
 o - a scroll of magic mapping {unknown}
 p - a scroll of amnesia {unknown}
 t - a scroll of enchant armour {unknown}
Potions
 i - a potion of magic {unknown}
 j - 3 potions of lignification {unknown}
 k - a potion of heal wounds {unknown}
 n - 2 potions of might {unknown}
 s - a potion of curing {unknown}
 v - a potion of invisibility {unknown}
Comestibles
 f - 5 rations


   Skills:
 + Level 4.9 Fighting
 * Level 4.9 Maces & Flails
 + Level 3.6 Throwing
 - Level 2.6 Dodging


You had 5 spell levels left.
You didn't know any spells.
Your spell library was empty.

Dungeon Overview and Level Annotations

Branches:
Dungeon (4/15)
 Temple: D:4-7

Altars:


Innate Abilities, Weirdness & Mutations

You are too large for most types of armour.
You have tough skin. (AC +1)


Message History

You are feeling very hungry.
You see here a broad axe.
There is a stone staircase leading down here.
There is a stone staircase leading down here.
There is a stone staircase leading down here.
You are now empty-handed.
The troll barely misses you. The troll claws you! x2
There is a stone staircase leading down here.
a - a +0 flail (weapon)
The troll bites you. The troll claws you! x2
You are near starving!
There is a stone staircase leading down here.
The troll bites you! The troll claws you. The troll claws you!
* * * LOW HITPOINT WARNING * * *
There is a stone staircase leading down here.
The troll bites you!
* * * LOW HITPOINT WARNING * * *
The troll claws you.
* * * LOW HITPOINT WARNING * * *
The troll claws you!
You die...

#.# #.# #.# #.#
###.# ############
#.... #..........#
#.... #.########.#
#.... #@# #.#
#.... #T#
#.###.... #.#
######........
#.###.............
#.....####.###.##.
#.##### #.# #.##.
#.########.# #.##.
#.........[###.##.
#.######.......##.


You could see a troll.

Vanquished Creatures
  An ice beast (D:3)
  A jelly (D:4)
  An iguana (D:4)
  9 adders
  2 oozes
  2 worms (D:2)
  A dart slug (D:2)
  2 leopard geckos (D:1)
  An orc (D:3)
  4 giant cockroaches
  6 goblins
  14 hobgoblins
  3 jackals (D:4)
  A quokka (D:2)
  A ball python (D:3)
  8 bats
  12 frilled lizards
  9 kobolds
  2 leopard gecko skeletons
  5 rats
85 creatures vanquished.

Notes
Turn   | Place    | Note
-------+----------+-------------------------------------------
     0 | D:1      | mopl the Ogre Gladiator began the quest for the Orb.
     0 | D:1      | Reached XP level 1. HP: 22/22 MP: 1/1
    88 | D:1      | Reached skill level 3 in Maces & Flails
    88 | D:1      | Reached XP level 2. HP: 21/29 MP: 2/2
    97 | D:1      | Reached skill level 3 in Fighting
   400 | D:1      | Reached XP level 3. HP: 35/37 MP: 3/3
  1100 | D:2      | Reached XP level 4. HP: 28/45 MP: 4/4
  1988 | D:2      | Reached skill level 4 in Fighting
  1988 | D:2      | Reached skill level 4 in Maces & Flails
  2165 | D:2      | Reached skill level 3 in Throwing
  2165 | D:2      | Reached XP level 5. HP: 44/54 MP: 5/5
  2330 | D:3      | Noticed an ice beast
  2355 | D:3      | Killed an ice beast
  2653 | D:3      | Reached XP level 6. HP: 63/63 MP: 6/6
  3885 | D:4      | Noticed a troll
  4144 | D:4      | HP: 1/65 [troll (3)]
  4144 | D:4      | Mangled by a troll

Levels and vault maps discovered:
D:1:      lemuel_arrival_broad_hall, layout_basic
D:2:      layout_basic, chequers_serial_rivers_micro_e
D:3:      layout_basic
D:4:      layout_loops_ring, ebering_ghost_disaster_area

Skill      XL: |  1  2  3  4 |
---------------+-------------+-----
Maces & Flails | 3 4 |  4.9
Fighting       | 3 4 |  4.9
Throwing       | 3 |  3.6
Dodging        | |  2.6

Action                   |  1- 3 |  4- 6 || total
-------------------------+-------+-------++-------
Melee: Flail             |   115 |   203 ||   318
Throw: Dart              |       |    15 ||    15
       Throwing net      |       |     2 ||     2
 Stab: Sleeping          |     1 |       ||     1
       Held in net/web   |       |     1 ||     1
  Eat: Chunk             |     1 |     8 ||     9
Armor: Robe              |    34 |    60 ||    94
Dodge: Dodged            |    74 |   120 ||   194

Table legend:
 A = Non-vault XP
 B = Vault XP
 C = Vault XP percentage of total XP
 D = Non-vault monster count
 E = Vault monster count
 F = Vault count percentage of total count
                 A         B        C        D         E       F
            +---------+---------+-------+---------+---------+-------
      Total |     464 |       0 |   0.0 |      85 |       0 |   0.0
            +---------+---------+-------+---------+---------+-------
        D:1 |      52 |       0 |   0.0 |      24 |       0 |   0.0
        D:2 |     128 |       0 |   0.0 |      31 |       0 |   0.0
        D:3 |     198 |       0 |   0.0 |      24 |       0 |   0.0
        D:4 |      86 |       0 |   0.0 |       6 |       0 |   0.0
            +---------+---------+-------+---------+---------+-------
